 Dungeon Crawl Stone Soup version 0.21-a0-578-gc6e9d75 (webtiles) character file.

74 Gaball the Sneak (level 4, -1/42 HPs)
             Began as a Naga Wanderer on Dec 18, 2017.
             Slain by Crazy Yiuf
             ... wielding a +3 quarterstaff of chaos
              (2 damage)
             ... on level 2 of the Dungeon.
             The game lasted 00:02:24 (1278 turns).

Gaball the Sneak (Naga Wanderer)                    Turns: 1278, Time: 00:02:26

Health: -1/42      AC:  2    Str: 13    XL:     4   Next: 30%
Magic:  4/4        EV:  9    Int: 13    God:
Gold:   69         SH:  0    Dex: 12    Spells: 3/3 levels left

rFire    . . .     SeeInvis +   a - +2 shortbow
rCold    . . .     Gourm    .   (shield currently unavailable)
rNeg     . . .     Faith    .   e - +0 robe
rPois    +         Spirit   .   (no helmet)
rElec    .         Reflect  .   (no cloak)
rCorr    .         Harm     .   (no gloves)
MR       .....                  (no barding)
Stlth    ++........             (no amulet)
HPRegen  0.14/turn              (no ring)
MPRegen  0.09/turn              (no ring)

@: drained, very slow
A: large, see invisible, deformed body, poison resistance, slowness 2, slow
metabolism 1, spit poison 1, AC +1
a: Spit Poison


You were on level 2 of the Dungeon.
You were hungry.

You visited 1 branch of the dungeon, and saw 2 of its levels.

You collected 69 gold pieces.

Inventory:

Hand Weapons
 a - a +2 shortbow (weapon)
 f - a +0 dagger
Missiles
 b - 66 arrows (quivered)
Armour
 e - a +0 robe (worn)
Jewellery
 h - an uncursed ring of magical power {unknown}
Scrolls
 c - a scroll of teleportation
 j - a scroll of fear {unknown}
 k - a scroll of enchant armour {unknown}
 l - 5 scrolls of identify {unknown}
 o - a scroll of fog {unknown}
 p - 2 scrolls of magic mapping {unknown}
Potions
 d - a potion of curing
 i - a potion of flight {unknown}
 m - a potion of heal wounds {unknown}
 n - a potion of lignification {unknown}
Comestibles
 g - 5 rations


   Skills:
 - Level 3.0(2.6) Fighting
 - Level 1.0(0.6) Short Blades
 * Level 3.7(3.4) Bows
 - Level 1.0(0.6) Dodging
 + Level 3.8(3.5) Stealth
   Level 1.0(0.6) Evocations


You had 3 spell levels left.
You didn't know any spells.

Dungeon Overview and Level Annotations

Branches:
Dungeon (2/15)

Altars:

Annotations:
D:2 Crazy Yiuf


Innate Abilities, Weirdness & Mutations

You cannot wear boots.
Your serpentine skin is tough. (AC +1)
You have supernaturally acute eyesight. (SInv)
Armour fits poorly on your strangely shaped body.
Your system is resistant to poisons. (rPois)
You cover ground very slowly.
You have a slow metabolism.
You can spit poison.


Message History

Crazy Yiuf hits you with a quarterstaff of chaos.
Crazy Yiuf burns you.
Firing (i - inventory):
b - 68 arrows (quivered)
Press: ? - help, Shift-Dir - straight line, f/p - Crazy Yiuf
Aim: Crazy Yiuf, wielding a quarterstaff of chaos and wearing a cloak (almost dead)
You shoot an arrow.
You feel less confused.
Crazy Yiuf says, "Lugonu!"
Crazy Yiuf hits you with a quarterstaff of chaos!
* * * LOW HITPOINT WARNING * * *
Firing (i - inventory):
b - 67 arrows (quivered)
Press: ? - help, Shift-Dir - straight line, f/p - Crazy Yiuf
Aim: Crazy Yiuf, wielding a quarterstaff of chaos and wearing a cloak (almost dead)
You shoot an arrow.
The arrow hits Crazy Yiuf but does no damage.
Crazy Yiuf is almost dead.
Crazy Yiuf hits you with a quarterstaff of chaos!
* * * LOW HITPOINT WARNING * * *
You feel drained.
You die...

###### .....#
.....# ########
.....# ###
###.#....##
.....#
#.).##).#......##
.....#####
#.)(g@####......#
.........#
#)..### ##.....#
.....##### ###
####..#
.....##### #.##
##.......# #.#
.........#####
#.#
##........##.#
#.#
.#..######...#
#.# ...## #...###
##.#


You could see Crazy Yiuf.

Vanquished Creatures
  2 adders (D:2)
  An ooze (D:2)
  2 worms (D:2)
  A dart slug (D:1)
  3 giant cockroaches
  7 goblins
  4 hobgoblins
  6 bats
  A frilled lizard (D:2)
  8 kobolds
  8 rats
43 creatures vanquished.

Notes
Turn   | Place    | Note
-------+----------+-------------------------------------------
     0 | D:1      | Gaball the Naga Wanderer began the quest for the Orb.
     0 | D:1      | Gaball set off with: a +2 shortbow, 23 arrows, a scroll of teleportation, a potion of curing, a +0 robe, a +0 dagger, a ration
     0 | D:1      | Reached XP level 1. HP: 21/21 MP: 1/1
    59 | D:1      | Reached XP level 2. HP: 24/28 MP: 2/2
   385 | D:1      | Reached XP level 3. HP: 30/34 MP: 3/3
   644 | D:1      | You fall through a shaft!
   976 | D:2      | Reached XP level 4. HP: 42/42 MP: 4/4
  1030 | D:2      | Found a runed door.
  1271 | D:2      | Noticed Crazy Yiuf
  1278 | D:2      | HP: 1/42 [Crazy Yiuf/quarterstaff of chaos (10)]
  1278 | D:2      | Slain by Crazy Yiuf

Vault maps used:
D:1:      lemuel_arrival_cross, st_stairs_11, minivault_24,
          hangedman_abyss_or_decor_lesser_grid
D:2:      nrook_mini_vaults, uniq_crazy_yiuf_cottage

Skill      XL: |  1  2 |
---------------+-------+-----
Bows           | 2 3 |  3.7
Fighting       | |  3.0
Short Blades   | |  1.0
Dodging        | |  1.0
Stealth        | |  3.8
Evocations     | |  1.0

Action                   |  1- 3 |  4- 6 || total
-------------------------+-------+-------++-------
 Fire: Shortbow          |    98 |    15 ||   113
 Abil: Spit Poison       |       |     1 ||     1
Dodge: Dodged            |     8 |       ||     8

Table legend:
 A = Spawn XP
 B = Non-spawn XP
 C = Spawn XP percentage of total XP
 D = Spawn monster count
 E = Non-spawn monster count
 F = Spawn count percentage of total count
 G = Total turns spent on level
                    A         B        C        D         E        F      G
               +---------+---------+-------+---------+---------+-------+---------
         Total |       0 |     107 |   0.0 |       0 |      43 |   0.0 |  1278
               +---------+---------+-------+---------+---------+-------+---------
           D:1 |       0 |      43 |   0.0 |       0 |      26 |   0.0 |   644
           D:2 |       0 |      64 |   0.0 |       0 |      17 |   0.0 |   634
               +---------+---------+-------+---------+---------+-------+---------
